 Dungeon Crawl Stone Soup version 0.16.1 (webtiles) character file.

77175 Gigax the Brawler (level 15, -11/105 HPs)
             Began as an Octopode Fighter on Mar 23, 2015.
             Was an Elder of Okawaru.
             Killed by nerve-wracking pain
             ... invoked by an orc priest
              (14 damage)
             ... on level 4 of the Orcish Mines.
             The game lasted 01:11:16 (39721 turns).

Gigax the Brawler (Octopode Fighter)               Turns: 39721, Time: 01:11:17

Health: -11/105    AC:  1    Str: 18    XL:     15   Next: 56%
Magic:  36/36      EV: 21    Int: 16    God:    Okawaru [****..]
Gold:   1506       SH: 16    Dex: 16    Spells: 0 memorised, 14 levels left

rFire  . . .     SeeInvis .       - Unarmed
rCold  . . .     Clarity  +     E - +3 shield {reflect}
rNeg   . . .     SustAb   +     G - +0 hat {Int+3}
rPois  .         Gourm    .     p - amulet of clarity
rElec  .         Spirit   .     g - ring of magical power
rCorr  .         Warding  .     D - +5 ring of slaying
rMut   .         Stasis   .     m - ring of sustain abilities
MR     +....                    K - +3 ring of intelligence
Stlth  +++.......               (no ring)
                                (no ring)
                                (no ring)
                                (no ring)

@: somewhat resistant to hostile enchantments, fairly stealthy
A: almost no armour, amphibious, 8 rings, constrict 8, camouflage 1, gelatinous
body 1
a: Heroism, Renounce Religion


You were on level 4 of the Orcish Mines.
You worshipped Okawaru.
Okawaru was greatly pleased with you.
You were full.

You visited 4 branches of the dungeon, and saw 24 of its levels.
You also visited: Labyrinth.

You collected 1757 gold pieces.
You spent 251 gold pieces at shops.

Inventory:

Armour
 E - a +3 shield of reflection (worn)
 G - a +0 hat of intelligence (worn)
Jewellery
 g - a ring of magical power (left tentacle)
 l - an uncursed ring of teleportation
 m - a ring of sustain abilities (on tentacle)
 p - an amulet of clarity (around mantle)
 x - an uncursed amulet of resist mutation
 D - a +5 ring of slaying (right tentacle)
 K - a +3 ring of intelligence (on tentacle)
 M - an uncursed amulet of resist corrosion
Magical devices
 c - a wand of polymorph (8)
 d - a wand of fire (1)
 v - a wand of paralysis (12)
 B - a wand of slowing (17)
 C - a wand of polymorph (7)
 H - a wand of teleportation (5)
 L - a wand of slowing (33)
 O - a wand of confusion (24)
 P - a wand of enslavement (9)
 Q - a wand of fireball (8)
Scrolls
 j - 10 scrolls of remove curse
 k - 2 scrolls of fear
 u - 5 scrolls of teleportation
 y - 8 scrolls of identify
 A - 6 scrolls of fog
 J - a scroll of magic mapping
 N - a scroll of recharging
Potions
 b - 3 potions of resistance
 e - a potion of invisibility
 f - a potion of heal wounds
 h - 4 potions of brilliance
 i - 2 potions of ambrosia
 o - 2 potions of might
 q - 2 potions of restore abilities
 r - 7 potions of curing
 s - 2 potions of agility
 t - a potion of cancellation
 w - 2 potions of lignification
 z - 3 potions of cure mutation
Books
 n - a book of the Warp

   Spells                             Type                      Level
   a - Recall                         Summoning/Translocation      3
   b - Control Teleport               Charms/Translocation         4
   c - Force Lance                    Conjuration/Translocation    4
   d - Phase Shift                    Translocation                5
   e - Warp Weapon                    Charms/Translocation         5
   f - Gell's Gravitas                Hexes/Translocation          5
   g - Summon Forest                  Summoning/Translocation      5
Comestibles
 a - 19 bread rations
 F - 5 meat rations
 I - a royal jelly


   Skills:
 + Level 10.4 Fighting
 + Level 12.9 Dodging
 * Level 11.9 Shields
 + Level 16.6 Unarmed Combat
 - Level 8.3 Invocations


You had 14 spell levels left.
You didn't know any spells.

Dungeon Overview and Level Annotations

Branches:
Dungeon (11/15)            Temple (1/1) D:4            Lair (8/8) D:9
 Shoals (0/5) Lair:3        Snake (0/5) Lair:5        Slime (0/6) Lair:6
    Orc (4/4) D:10            Elf (0/3) Orc:3

Altars:
Ashenzari
Cheibriados
Dithmenos
Elyvilon
Fedhas
Gozag
Kikubaaqudgha
Makhleb
Nemelex Xobeh
Okawaru
Qazlal
Ru
Sif Muna
Trog
Vehumet
Xom
Yredelemnul
Zin
The Shining One
Beogh
Jiyva

Shops:
D:4 [   D:9 ?[=??   D:10 ?   Orc:1 [   Orc:4 (([[


Innate Abilities, Weirdness & Mutations

You cannot wear most types of armour.
You are amphibious.
You can wear up to eight rings at the same time.
You can use your tentacles to constrict many enemies at once.
Your skin changes colour to match your surroundings (Stealth).
Your rubbery body absorbs attacks (AC +1).


Message History

You tentacle-slap the orc high priest. You grab the orc high priest.
The orc high priest is lightly wounded.
You constrict the orc high priest. The sun demon hits you!
* * * LOW HITPOINT WARNING * * *
You are engulfed in flames!!
* * * LOW HITPOINT WARNING * * *
You block the orc's attack. The orc priest closely misses you.
You block the orc priest's attack.
Huge Dmg: -33%(-34hp) hp: 2%(2hp) Read which item? (? for menu, Esc to quit)
Okay, then.
Drink which item? (? for menu, Esc to quit)
Okay, then.
Eat which item? (? for menu, Esc to quit)
You constrict the orc high priest.
The orc high priest prays to Beogh.
You block the sun demon's attack.
The orc priest calls down the wrath of Beogh upon you.
Pain shoots through your body!
You die...

........................##.#*****
.............................,,,,
.................)......#********
.#.....................##,,,,,,,,
............#.........##,,,,,,,,,
............#.........#,,,,,,****
..........o###........#,,,,,,,*,*
...........#*##3o.##..#,,,,,*,,,,
......#.....##.#@###..#,,,,***,,,
..#....#.#....oooo##..#..*,,*,,,,
........#...#...o4#......#*,,,*∩*
.......###.#......)..oo..#,,,,∩,∩
..#....###*##.###).......#*,,,*∩*
........#*,*##**...#..#o.*,,*,,,,
..#.#..##,,,***##.....#,,,,***,,,
###.####**,***,*#.....#,,,,,*,,,,
##...#****,,,,,,......#,,,,,,,*,*


You could see an orc high priest, a sun demon, an orange demon, 4 orc priests
and an orc.

Vanquished Creatures
  An orc warlord (Orc:1)
  Gastronok (Lair:2)
  A dire elephant (Lair:8)
  Snorg (Lair:4)
  A minotaur (Lab)
  4 hydras
  Harold (Lair:5)
  The ghost of Edirash the Slinger, a powerful HaHu of Okawaru (D:9)
  A centaur warrior (D:9)
  A deep troll shaman (Lair:8)
  A catoblepas (Lair:8)
  18 death yaks
  The ghost of Ladykiller69 the Conjurer, an experienced DgWz (Orc:2)
  An orc high priest (Orc:4)
  Urug (Orc:2)
  Nergalle (Lair:7)
  An unseen horror (D:10)
  2 hill giants (D:10)
  A lindwurm (Lair:7)
  3 griffons
  3 orc sorcerers
  A cyclops (Orc:2)
  5 black mambas
  An ugly thing (D:11)
  A guardian serpent (Lair:5)
  Maurice (D:8)
  15 elephants
  Joseph (D:8)
  A centaur skeleton (D:11)
  The ghost of Anothat the Grappler, an experienced MiMo (D:5)
  13 spiny frogs
  A gargoyle (D:7)
  7 komodo dragons
  4 merfolk (Lair:3)
  2 trolls
  2 fire drakes (Lair:5)
  5 polar bears
  2 two-headed ogres
  37 blink frogs
  2 basilisks
  A spriggan (D:9)
  A wraith (D:11)
  3 wyverns
  12 hippogriffs
  44 yaks
  A hungry ghost (D:11)
  6 wolves
  A wandering mushroom (D:9)
  Menkaure (D:5)
  3 wargs
  15 water moccasins
  13 porcupines
  11 ice beasts
  4 phantoms
  4 black bears
  19 orc warriors
  14 ogres
  10 centaurs
  13 crocodiles
  3 boring beetles
  An orc skeleton (Orc:1)
  2 gnoll sergeants
  19 giant frogs
  A water moccasin zombie (D:7)
  A warg zombie (Orc:1)
  5 scorpions
  A vampire bat (Lair:6)
  6 killer bees (D:9)
  5 wights (D:6)
  4 electric eels
  8 crimson imps
  A goliath beetle (D:6)
  A quasit (D:8)
  14 hounds
  4 jellies
  2 spectral orcs (Lair:7)
  33 orc wizards
  28 orc priests
  8 iguanas
  A giant frog skeleton (D:11)
  5 sheep
  5 worker ants
  A hound skeleton (D:4)
  A mummy (D:9)
  22 adders
  15 gnolls
  76 river rats
  A giant mite (D:7)
  2 shadow imps
  2 worms
  2 orc zombies (Orc:1)
  2 giant geckos
  An ooze (D:2)
  190 orcs
  13 bats
  A bat zombie (D:6)
  3 giant cockroaches
  14 hobgoblins
  8 jackals
  12 quokkas
  A ball python (D:3)
  6 giant newts
  19 goblins
  A goblin zombie (Orc:1)
  8 kobolds
  16 rats
  2 plants (Lair:3)
901 creatures vanquished.

Vanquished Creatures (others)
  A centaur (D:11)
  2 goblins
  A giant newt (D:4)
  A kobold (D:4)
  10 fungi
  2 plants
17 creatures vanquished.

Grand Total: 918 creatures vanquished

Notes
Turn   | Place    | Note
--------------------------------------------------------------
     0 | D:1      | Gigax, the Octopode Fighter, began the quest for the Orb.
     0 | D:1      | Reached XP level 1. HP: 16/16 MP: 1/1
   847 | D:1      | Reached XP level 2. HP: 21/21 MP: 2/2
  1494 | D:1      | Reached XP level 3. HP: 9/26 MP: 3/3
  1841 | D:2      | Found a stormy altar of Qazlal.
  1844 | D:2      | Found a white marble altar of Elyvilon.
  1845 | D:2      | Found a sacrificial altar of Ru.
  1881 | D:2      | Reached XP level 4. HP: 23/31 MP: 4/4
  1888 | D:2      | Reached skill level 4 in Shields
  2271 | D:3      | Noticed a wyvern
  2434 | D:3      | Killed a wyvern
  2434 | D:3      | Reached XP level 5. HP: 30/37 MP: 5/5
  2434 | D:3      | Reached XP level 6. HP: 34/43 MP: 6/6
  2644 | D:3      | Found a glowing silver altar of Zin.
  2812 | D:3      | Noticed an ogre
  2819 | D:3      | Killed an ogre
  2819 | D:3      | Reached skill level 5 in Shields
  3355 | D:4      | Found Ypueckoc's Armour Shop.
  3823 | D:4      | Reached XP level 7. HP: 45/48 MP: 7/7
  3929 | D:4      | Found a staircase to the Ecumenical Temple.
  3939 | Temple   | Entered the Ecumenical Temple
  4003 | Temple   | Became a worshipper of Warmaster Okawaru
  4078 | D:4      | Reached skill level 5 in Unarmed Combat
  4174 | D:5      | Entered Level 5 of the Dungeon
  4174 | D:5      | Noticed Menkaure
  4226 | D:5      | Killed Menkaure
  4303 | D:5      | Acquired Okawaru's first power
  4357 | D:5      | Noticed Anothat's ghost (experienced MiMo)
  4365 | D:5      | Found a shimmering altar of Xom.
  4380 | D:5      | HP: 2/49 [poisoned by an adder]
  4387 | D:5      | HP: 2/49 [poisoned by an adder]
  4395 | D:5      | HP: 1/49 [poisoned by an adder]
  4866 | D:5      | Reached skill level 5 in Fighting
  4873 | D:5      | Reached skill level 6 in Unarmed Combat
  5050 | D:5      | Reached XP level 8. HP: 48/55 MP: 8/8
  5518 | D:6      | Found an opulent altar of Gozag.
  5518 | D:6      | Found a sparkling altar of Nemelex Xobeh.
  5902 | D:6      | Reached skill level 7 in Unarmed Combat
  6396 | D:6      | Reached skill level 5 in Dodging
  6836 | D:6      | Reached XP level 9. HP: 52/62 MP: 9/9
  6845 | D:6      | Reached skill level 8 in Unarmed Combat
  7905 | D:7      | Noticed a gargoyle
  7920 | D:7      | Killed a gargoyle
  7920 | D:7      | Reached skill level 9 in Unarmed Combat
  9498 | D:5      | Killed Anothat's ghost
  9580 | D:8      | Reached XP level 10. HP: 58/71 MP: 10/10
 10024 | D:8      | Reached skill level 10 in Unarmed Combat
 10286 | D:8      | Noticed Joseph
 10306 | D:8      | Killed Joseph
 10676 | D:8      | Noticed Maurice
 10686 | D:8      | Killed Maurice
 11015 | D:8      | Found a shattered altar of Ashenzari.
 11303 | D:9      | Found Bewuxkupn's Magic Scroll Boutique.
 11315 | D:9      | Bought a scroll of identify for 30 gold pieces
 11315 | D:9      | Bought a scroll of magic mapping for 52 gold pieces
 11315 | D:9      | Bought a scroll of identify for 30 gold pieces
 11315 | D:9      | Bought a scroll of identify for 30 gold pieces
 11315 | D:9      | Bought a scroll of fog for 30 gold pieces
 11315 | D:9      | Bought a scroll of fog for 30 gold pieces
 11355 | D:9      | Noticed a death yak
 11356 | D:9      | Found a staircase to the Lair.
 11553 | D:9      | Found Psicwi's Antique Armour Boutique.
 11627 | D:9      | Found Oruecvuth's Jewellery Boutique.
 11634 | D:9      | Found Shis' Magic Scroll Shoppe.
 11742 | D:10     | Entered Level 10 of the Dungeon
 12067 | D:9      | Killed a death yak
 12067 | D:9      | Reached skill level 11 in Unarmed Combat
 12569 | D:9      | Noticed a centaur warrior
 12575 | D:9      | Killed a centaur warrior
 12575 | D:9      | Reached XP level 11. HP: 27/78 MP: 11/11
 12688 | D:9      | Noticed Edirash's ghost (powerful HaHu)
 12863 | D:9      | Killed Edirash's ghost
 12863 | D:9      | Reached skill level 12 in Unarmed Combat
 13688 | D:9      | Found Lexac's Magic Scroll Shop.
 14117 | Lair:1   | Entered Level 1 of the Lair of Beasts
 14221 | Lair:1   | Acquired Okawaru's second power
 14221 | Lair:1   | Reached skill level 1 in Invocations
 15400 | Lair:2   | Noticed Gastronok
 15412 | Lair:2   | Killed Gastronok
 15412 | Lair:2   | Received a gift from Okawaru
 15418 | Lair:2   | Identified a scroll of acquirement
 16523 | Lair:2   | Reached skill level 13 in Unarmed Combat
 16523 | Lair:2   | Reached skill level 5 in Invocations
 16523 | Lair:2   | Reached XP level 12. HP: 32/84 MP: 20/20
 17306 | Lair:3   | Found a staircase to the Shoals.
 17358 | Lair:3   | Found a labyrinth entrance.
 17364 | Lab      | Entered a labyrinth
 18053 | Lab      | Noticed a minotaur
 18062 | Lab      | Killed a minotaur
 20730 | Lair:4   | Noticed Snorg
 20777 | Lair:4   | Killed Snorg
 20777 | Lair:4   | Reached skill level 10 in Dodging
 21314 | Lair:4   | Noticed a six-headed hydra
 21326 | Lair:4   | HP: 2/84 [six-headed hydra (10)]
 21327 | Lair:4   | Killed a six-headed hydra
 22770 | Lair:5   | Reached skill level 14 in Unarmed Combat
 22770 | Lair:5   | Reached XP level 13. HP: 58/89 MP: 25/25
 22916 | Lair:5   | Noticed a four-headed hydra
 22926 | Lair:5   | Killed a four-headed hydra
 23141 | Lair:5   | Received a gift from Okawaru
 23142 | Lair:5   | Got a smoking arbalest {god gift}
 23402 | Lair:5   | Identified the +7 arbalest of Hatred {freeze, rElec MP+9} (Okawaru gifted it to you on level 5 of the Lair of Beasts)
 23488 | Lair:5   | Found a staircase to the Snake Pit.
 23665 | Lair:5   | Noticed Harold
 23693 | Lair:5   | Killed Harold
 24360 | Lair:6   | Found a staircase to the Slime Pits.
 24361 | Lair:6   | Found a viscous altar of Jiyva.
 24832 | Lair:6   | Identified the Reference Book on Ghastly Combat Magic
 25482 | Lair:7   | Received a gift from Okawaru
 25542 | Lair:7   | Reached skill level 15 in Unarmed Combat
 25863 | Lair:7   | Noticed Nergalle
 27501 | Lair:7   | Killed Nergalle
 27688 | Lair:7   | Reached XP level 14. HP: 84/95 MP: 26/26
 28249 | Lair:8   | Entered Level 8 of the Lair of Beasts
 30385 | Lair:8   | Reached skill level 16 in Unarmed Combat
 30414 | Lair:8   | Reached skill level 10 in Shields
 30888 | Lair:8   | Received a gift from Okawaru
 31260 | Lair:8   | Received a gift from Okawaru
 32577 | Lair:8   | Reached XP level 15. HP: 88/103 MP: 27/27
 33392 | D:10     | Found Fehepuf's Magic Scroll Emporium.
 33400 | D:10     | Bought a scroll of magic mapping for 49 gold pieces
 33552 | D:10     | Noticed a hill giant
 33561 | D:10     | Killed a hill giant
 34220 | D:10     | Killed an unseen horror
 34677 | D:10     | Found a staircase to the Orcish Mines.
 34991 | D:11     | Received a gift from Okawaru
 35030 | D:11     | Reached skill level 10 in Fighting
 35160 | D:11     | Found an ancient bone altar of Kikubaaqudgha.
 35761 | Orc:1    | Entered Level 1 of the Orcish Mines
 35939 | Orc:1    | Found Smomeosch's Armour Emporium.
 36079 | Orc:1    | Found a frozen archway.
 36665 | Orc:2    | Noticed Ladykiller69's ghost (experienced DgWz)
 37635 | Orc:2    | Killed Ladykiller69's ghost
 38515 | Orc:3    | Found a staircase to the Elven Halls.
 38566 | Orc:3    | Found a roughly hewn altar of Beogh.
 39110 | Orc:2    | Noticed Urug
 39120 | Orc:2    | Killed Urug
 39170 | Orc:4    | Entered Level 4 of the Orcish Mines
 39170 | Orc:4    | Found Idalom's Antique Armour Shop.
 39172 | Orc:4    | Found Pnaewarr's Armour Shop.
 39526 | Orc:4    | Found Ossu's Antique Weapon Shoppe.
 39629 | Orc:4    | Found Gemamis' Weapon Shop.
 39720 | Orc:4    | HP: 2/105 [sun demon[an orc high priest] (19)]
 39721 | Orc:4    | Killed from afar by an orc priest

Action                   |  1- 3 |  4- 6 |  7- 9 | 10-12 | 13-15 || total
-------------------------+-------+-------+-------+-------+-------++-------
Melee: Unarmed           |    54 |   105 |   303 |   691 |  1248 ||  2401
Invok: Heroism           |       |       |     7 |    16 |    23 ||    46
       Finesse           |       |       |       |     1 |     2 ||     3
Evoke: Wand              |       |       |     2 |     4 |     6 ||    12
  Use: Scroll            |       |    11 |     5 |    15 |    14 ||    45
       Potion            |       |     1 |     1 |     5 |     3 ||    10
 Stab: Sleeping          |       |     2 |     6 |    11 |    11 ||    30
       Distracted        |       |     1 |       |     2 |     3 ||     6
       Paralysed         |       |       |       |       |     3 ||     3
       Fleeing           |       |       |       |       |     1 ||     1
  Eat: Chunk             |     2 |     6 |    13 |    20 |    35 ||    76
       Meat ration       |       |       |     1 |     4 |       ||     5
       Pizza             |       |       |       |     3 |     1 ||     4
       Fruit             |       |       |       |     1 |    21 ||    22
       Royal jelly       |       |       |       |     1 |       ||     1
       Bread ration      |       |       |       |       |     1 ||     1
